 Dungeon Crawl Stone Soup version 0.30.1-11-g7821555f0a (webtiles) character file.

Game seed: 14396179736732714944

112 Ijustatesigmund the Conjurer (level 4, 0/45 HPs)
             Began as an Octopode Conjurer on Jan 11, 2024.
             Frozen to death by an endoplasm (5 damage)
             ... on level 2 of the Dungeon.
             The game lasted 00:02:56 (1900 turns).

Ijustatesigmund the Conjurer (Octopode Conjurer)    Turns: 1900, Time: 00:02:57

Health: 0/45       AC: 22    Str:  6    XL:     4   Next: 93%
Magic:  0/8        EV:  2    Int: 22    God:
Gold:   19         SH:  0    Dex: 10    Spells: 6/9 levels left

rFire   . . .        c - +0 hand axe
rCold   . . .        (no shield)
rNeg    . . .        (helmet currently unavailable)
rPois   +            (no amulet)
rElec   .            (no ring)
rCorr   .            (no ring)
SInv    .            (no ring)
Will    .....        (no ring)
Stlth   ++           (no ring)
HPRegen 0.27/turn    (no ring)
MPRegen 0.11/turn    (no ring)
                     (no ring)

%: no passive effects
@: tree-form
A: stationary, stasis, torment immunity, boosted hp, almost no armour,
(amphibious), 8 rings, (camouflage 1), (gelatinous body 1), (nimble swimmer 1),
(tentacles)
a: no special abilities


You were on level 2 of the Dungeon.
You were a tree.
You visited 1 branch of the dungeon, and saw 2 of its levels.

You collected 43 gold pieces.
You spent 24 gold pieces at shops.

Inventory:

Hand Weapons
 c - a +0 hand axe (weapon)
Wands
 f - a wand of polymorph (7)
Scrolls
 b - a scroll of identify
Potions
 a - a potion of magic
 d - a potion of flight


   Skills:
 + Level 2.3 Fighting
 - Level 2.0 Dodging
 - Level 2.6 Stealth
 + Level 3.0 Spellcasting
 + Level 4.8 Conjurations


You had 6 spell levels left.
You knew the following spells:

 Your Spells              Type           Power      Damage    Failure   Level
a - Magic Dart            Conj           96%        1d7       1%          1
b - Searing Ray           Conj           48%        2d6       2%          2

Your spell library contained the following spells:

 Spells                   Type           Power      Damage    Failure   Level
 Dazzling Flash           Conj/Hex       26%        N/A       14%         3
 Tukima's Dance           Hex            3%         N/A       36%         3
 Fulminant Prism          Conj/Hex       6%         3d6       43%         4
 Iskenderun's Mystic Bla  Conj/Tloc      13%        2d5       43%         4
 Passage of Golubria      Tloc           3%         N/A       77%         4
 Yara's Violent Unravell  Hex/Tmut       1%         3d3       98%         5


Dungeon Overview and Level Annotations

Branches:
Dungeon (2/15)

Altars:

Shops:
D:1 [?


Innate Abilities, Weirdness & Mutations

You are a tree.
Your roots penetrate the ground, keeping you stationary.
You cannot be teleported.
You are immune to unholy pain and torment.
Your maximum health is greatly increased.
You cannot wear most types of armour.
((You are amphibious.))
You can wear up to eight rings at the same time.
((Your skin changes colour to match your surroundings (Stealth+).))
((Your rubbery body absorbs attacks. (AC +1, EV +1)))
((You are camouflaged when in or above water. (Stealth+)))
((You have tentacles for arms and can constrict up to eight enemies at once.))


Message History

The magic dart hits the phantom.
The phantom is heavily damaged.
The phantom misses you.
You miss the phantom.
The phantom is heavily damaged.
The phantom barely misses you.
You closely miss the phantom. You squeeze the phantom!
The phantom is almost destroyed.
The phantom closely misses you.
You miss the phantom.
The phantom is almost destroyed.
The phantom misses you.
An endoplasm comes into view.
The endoplasm quivers.
You hit the phantom.
The phantom is almost destroyed.
The phantom hits you.
The phantom blinks!
You blink.
The phantom hits you.
The phantom blinks!
You blink.
You hit the phantom but do no damage.
The phantom is almost destroyed.
The phantom barely misses you.
You barely miss the phantom.
The phantom is almost destroyed.
The phantom hits you.
* * * LOW HITPOINT WARNING * * *
Casting: Magic Dart (safe; 2% risk of failure)
Confirm with . or Enter, or press ? or * to list all spells.
Aiming: Magic Dart (safe; 2% risk of failure)
Press: ? - help, Shift-Dir - straight line, f/p - phantom
Aim: a phantom (almost destroyed, 100% to hit)
The magic dart hits the phantom.
You destroy the phantom!
Your Fighting skill increases to level 2!
Your Spellcasting skill increases to level 3!
You have reached level 4!
It was a potion of lignification.
You turn into a tree.
Your roots penetrate the ground.
The endoplasm freezes you.
You are frozen.
You die...

### ####.# #....#
#.##.# ####.##.#
#..†.##.#
#.#####♣# #.# #J#
#.# #.###########
#.# #>..........r
#.# ##.###.....#
#.######..##.....#
#†##......J......#
#.##......##.....#
#.##......# .....#


You could see an endoplasm.

Vanquished Creatures
  A phantom (D:2)
  A worm (D:2)
  A dart slug (D:1)
  5 ball pythons (D:1)
  2 endoplasms (D:1)
  2 giant cockroaches (D:1)
  2 goblins
  3 jackals (D:1)
  5 kobolds
  A quokka (D:2)
  3 bats
  4 frilled lizards (D:1)
  2 rats (D:1)
32 creatures vanquished.

Notes
Turn   | Place    | Note
-------+----------+-------------------------------------------
     0 | D:1      | Ijustatesigmund the Octopode Conjurer began the quest for
                  | the Orb.
     0 | D:1      | Reached XP level 1. HP: 11/11 MP: 3/3
   168 | D:1      | Reached XP level 2. HP: 13/18 MP: 0/5
   171 | D:1      | Learned a level 2 spell: Searing Ray
   299 | D:1      | Reached skill level 1 in Fighting
   840 | D:1      | Found Hasir's Armour Shop.
  1217 | D:1      | Reached XP level 3. HP: 23/23 MP: 4/6
  1243 | D:1      | Found The Oracle's Delphic Readings.
  1287 | D:1      | Bought a scroll of identify for 24 gold pieces
  1878 | D:2      | Noticed a phantom
  1899 | D:2      | Killed a phantom
  1900 | D:2      | Reached XP level 4. HP: 3/30 MP: 0/8
  1900 | D:2      | Frozen to death by an endoplasm

Illustrated notes

Levels and vault maps discovered:
D:1:      scummos_arrival_gate, layout_basic, serial_shops, shop,
          nicolae_nh_oracle_at_delphi
D:2:      layout_basic, basic_altar

Skill      XL: |  1  2  3 |
---------------+----------+-----
Fighting       | 1 2 |  2.3
Spellcasting   | 3 |  3.0
Dodging        | |  2.0
Stealth        | |  2.6
Conjurations   | |  4.8

Action                     |  1- 3 |  4- 6 || total
---------------------------+-------+-------++-------
  Melee: Unarmed           |     3 |       ||     3
         Tentacles         |     4 |       ||     4
         Constrict         |     3 |       ||     3
         Punch             |     1 |       ||     1
         Hand axe          |    19 |       ||    19
   Cast: Magic Dart        |    61 |       ||    61
         Searing Ray       |     1 |       ||     1
    Use: Scroll            |     1 |       ||     1
         Potion            |       |     1 ||     1
   Stab: Sleeping          |     1 |       ||     1
 Armour: Skin              |     3 |       ||     3
  Dodge: Dodged            |    26 |       ||    26
